 Dungeon Crawl Stone Soup version 0.28.0-43-g3370ac3207 (webtiles) character file.

Game seed: 17816253973215660772

2550 tizbic2 the Covert (level 9, -3/75 HPs)
             Began as a Naga Berserker on Mar 9, 2022.
             Was an Elder of Trog.
             Slain by a kobold brigand
             ... wielding a +0 war axe
              (5 damage)
             ... in a bailey.
             The game lasted 00:30:57 (5494 turns).

tizbic2 the Covert (Naga Berserker)                 Turns: 5494, Time: 00:30:58

Health: -3/75      AC:  9    Str: 25    XL:     9   Next: 56%
Magic:  9/9        EV: 14    Int:  1    God:    Trog [****..]
Gold:   173        SH:  0    Dex: 21    Spells: 8/8 levels left

rFire   + + .      SeeInvis +   a - +7 hand axe of Ywnoh {vamp, rF++ rC+++ Int-4}
rCold   + + +      Faith    .   (no shield)
rNeg    . . .      Spirit   .   h - +1 leather armour of Activism {rC+ Str+6 Int-3}
rPois   +          Reflect  .   l - +0 helmet
rElec   .          Harm     .   d - +0 cloak
rCorr   .          Rampage  .   m - +0 pair of gloves
Will    +....                   (no barding)
Stlth   +++++.....              (no amulet)
HPRegen 0.22/turn               x - +4 ring of evasion
MPRegen 0.11/turn               y - +6 ring of dexterity

@: on berserk cooldown, slowed, very slow
A: AC +3, large, see invisible, deformed body, poison resistance, slowness 2,
spit poison 1, naga tail 1
a: Spit Poison, Renounce Religion, Berserk, Trog's Hand, Brothers in Arms


You were in a bailey.
You worshipped Trog.
Trog was greatly pleased with you.
You visited 1 branch of the dungeon, and saw 7 of its levels.
You also visited: Bailey.

You collected 173 gold pieces.

Inventory:

Hand Weapons
 a - the +7 hand axe of Ywnoh (weapon) {vamp, rF++ rC+++ Int-4}
   (You found it on level 4 of the Dungeon)

   It occasionally heals its wielder for a portion of the damage dealt when it
   wounds a living foe.
   Int:       It affects your intelligence (-4).
   rF:        It greatly protects you from fire.
   rC:        It renders you almost immune to cold.
 s - a +3 quarterstaff of chaos
 u - a +2 flail of protection
 w - a +3 dagger of electrocution
Missiles
 e - 144 stones
 n - a throwing net
Armour
 b - a +0 ring mail
 d - a +0 cloak (worn)
 h - the +1 leather armour of Activism (worn) {rC+ Str+6 Int-3}
   (You found it on level 2 of the Dungeon)

   Str:       It affects your strength (+6).
   Int:       It affects your intelligence (-3).
   rC:        It protects you from cold.
 l - a +0 helmet (worn)
 m - a +0 pair of gloves (worn)
Jewellery
 x - a +4 ring of evasion (left hand)
 y - a +6 ring of dexterity (right hand)
Scrolls
 c - a scroll of identify
 g - 3 scrolls of fear
 j - a scroll of magic mapping
 k - a scroll of teleportation
 o - a scroll of silence
 p - a scroll of immolation
 t - 2 scrolls of vulnerability
Potions
 f - 2 potions of attraction {unknown}
 i - 2 potions of flight {unknown}
 q - a potion of might {unknown}
 r - a potion of ambrosia {unknown}
 v - a potion of invisibility {unknown}
 z - a potion of cancellation {unknown}


   Skills:
 - Level 3.1 Fighting
 * Level 8.5 Short Blades
 - Level 4.3 Axes
 + Level 2.2 Armour
 - Level 1.5 Dodging
 * Level 12.9 Stealth


You had 8 spell levels left.
You didn't know any spells.
Your spell library was empty.

Dungeon Overview and Level Annotations

Branches:
Dungeon (7/15)             Temple (0/1) D:5          Bailey (1/1)

Altars:
Trog
Vehumet
Xom
Zin

Shops:
D:3 [

Annotations:
D:4 2 transporters, demenzo's ghost, novice OgBe


Innate Abilities, Weirdness & Mutations

Your serpentine skin is tough. (AC +3)
You have supernaturally acute eyesight. (SInv)
Armour fits poorly on your strangely shaped body.
Your system is resistant to poisons. (rPois)
You cover ground very slowly.
You can spit poison.
You have a snake-like lower body.


Message History

You closely miss the orc knight.
The orc knight is lightly wounded.
You hit the kobold brigand.
The orc knight roars a battlecry!
The orc knight goes into a battle-frenzy!
The orc knight hits you with a +0 war axe!!!
You slash the orc knight!
You feel better.
The orc knight is moderately wounded.
You miss the kobold brigand.
The kobold brigand completely misses you.
You hit the orc knight but do no damage.
The orc knight is moderately wounded.
You completely miss the kobold brigand.
The kobold brigand hits you with a +0 war axe!
You hit the orc knight.
You feel better.
The orc knight is moderately wounded.
You barely miss the orc warrior. You closely miss the orc knight.
You closely miss the kobold brigand.
The orc knight hits you with a +0 war axe!!
The kobold brigand hits you with a +0 war axe.
The orc knight closely misses you.
The orc knight hits you with a +0 war axe!!!
* * * LOW HITPOINT WARNING * * *
Unknown command.
You feel a strong urge to attack something.
Things that are here:
2 boomerangs; a kobold corpse You are no longer berserk.
You are exhausted.
You feel yourself slow down.
Things that are here:
2 boomerangs; a kobold corpse The orc knight barely misses you.
You see here 2 boomerangs.
The orc knight closely misses you.
Things that are here:
2 boomerangs; a kobold corpse The orc knight no longer looks unusually strong. x2
The kobold brigand hits you with a +0 war axe.
You die...

####### ##.....##
#...∩...#
#.......#
##..∩..## ##'''##
#...# #..@# #.Ko#
####..o####
##≈...(Ko.≈##
###≈≈....((.≈≈###
...≈≈...)...≈≈....
###≈≈.((....≈≈###.
...≈≈.......≈≈...
###≈≈....)..≈≈###


You could see 2 orc knights, an orc warrior (strong), a kobold brigand and a
kobold.

Vanquished Creatures
  Grinder (D:6)
  A wraith (D:6)
  A steam dragon (D:7)
  Menkaure (D:5)
  Edmund (D:5)
  A water moccasin (D:7)
  4 sky beasts
  A black bear (D:6)
  An ogre (D:5)
  4 kobold brigands
  3 scorpions
  3 wights (D:7)
  2 centaur zombies (D:7)
  3 hounds
  2 jellies
  An orc priest (D:3)
  Crazy Yiuf (D:4)
  4 orc wizards
  An iguana (D:5)
  A hound zombie (D:5)
  2 gnolls (D:7)
  5 adders
  A river rat (D:3)
  A white imp (D:6)
  An adder zombie (D:5)
  2 adder skeletons (D:4)
  2 worms (D:3)
  5 dart slugs
  8 orcs
  6 endoplasms
  6 giant cockroaches
  9 goblins
  8 hobgoblins
  27 kobolds
  7 quokkas
  3 ball pythons
  A bat (D:1)
  A frilled lizard (D:3)
  6 rats
138 creatures vanquished.

Notes
Turn   | Place    | Note
-------+----------+-------------------------------------------
     0 | D:1      | tizbic2 the Naga Berserker began the quest for the Orb.
     0 | D:1      | Reached XP level 1. HP: 21/21 MP: 1/1
   322 | D:1      | Found a faded altar of an unknown god.
   328 | D:1      | Reached skill level 1 in Stealth
   458 | D:1      | Reached XP level 2. HP: 28/28 MP: 2/2
   521 | D:1      | Reached skill level 2 in Stealth
   779 | D:2      | Reached skill level 3 in Stealth
   779 | D:2      | Reached XP level 3. HP: 34/34 MP: 3/3
   937 | D:2      | Identified the +1 leather armour of Activism {rC+ Str+6
                  | Int-3}
  1272 | D:2      | Reached skill level 4 in Stealth
  1336 | D:3      | Reached ** piety under Trog
  1352 | D:3      | Reached XP level 4. HP: 22/42 MP: 4/4
  1358 | D:3      | Reached skill level 5 in Stealth
  1365 | D:3      | Reached XP level 5. HP: 23/49 MP: 5/5
  1871 | D:3      | Found Jept's Antique Armour Boutique.
  1938 | D:3      | Reached skill level 6 in Stealth
  2308 | D:4      | Found a transporter.
  2318 | D:4      | Found a transporter.
  2318 | D:4      | Noticed demenzo's ghost (novice OgBe)
  2322 | D:4      | Identified the +2 great mace of Yesterday {antimagic,
                  | +Blink Str+3 Stlth-}
  2322 | D:4      | Noticed an ogre
  2322 | D:4      | Noticed an ogre
  2447 | D:4      | Identified the +7 hand axe of Ywnoh {vamp, rF++ rC+++
                  | Int-4}
  2532 | D:4      | Reached skill level 7 in Stealth
  2532 | D:4      | Reached XP level 6. HP: 56/56 MP: 6/6
  2639 | D:4      | Found a glowing silver altar of Zin.
  2669 | D:4      | Found a shimmering altar of Xom.
  3203 | D:4      | Found a runed translucent door.
  3204 | D:4      | Noticed Crazy Yiuf
  3212 | D:4      | Killed Crazy Yiuf
  3213 | D:4      | Reached skill level 1 in Axes
  3278 | D:5      | Entered Level 5 of the Dungeon
  3335 | D:5      | Noticed a sky beast
  3354 | D:5      | Killed a sky beast
  3355 | D:5      | Reached skill level 5 in Short Blades
  3355 | D:5      | Reached XP level 7. HP: 45/62 MP: 7/7
  3417 | D:5      | Found a radiant altar of Vehumet.
  3456 | D:5      | Noticed Menkaure
  3460 | D:5      | Killed Menkaure
  3461 | D:5      | Reached skill level 8 in Stealth
  3521 | D:5      | Found a staircase to the Ecumenical Temple.
  3693 | D:5      | Noticed Edmund
  3700 | D:5      | Killed Edmund
  3701 | D:5      | Reached skill level 9 in Stealth
  3738 | D:5      | Found a bloodstained altar of Trog.
  3744 | D:5      | Reached XP level 8. HP: 69/69 MP: 8/8
  4028 | D:6      | Noticed Grinder
  4045 | D:6      | Killed Grinder
  4046 | D:6      | Reached skill level 10 in Stealth
  4061 | D:6      | Noticed a wraith
  4078 | D:6      | Killed a wraith
  4396 | D:6      | Reached skill level 11 in Stealth
  4689 | D:6      | Reached *** piety under Trog
  4789 | D:6      | Reached XP level 9. HP: 66/75 MP: 9/9
  5157 | D:7      | Reached skill level 12 in Stealth
  5418 | D:7      | Found a flagged portal.
  5447 | Bailey   | Entered a bailey
  5462 | Bailey   | Reached **** piety under Trog
  5476 | Bailey   | Noticed an orc knight
  5476 | Bailey   | Noticed an orc knight
  5489 | Bailey   | HP: 1/112 [orc knight/+0 war axe (36)]
  5494 | Bailey   | Slain by a kobold brigand

Illustrated notes

Levels and vault maps discovered:
D:1:      pf_arrival_petrified_forest, layout_basic,
          ebering_ecumenical_altar_hall
D:2:      layout_rooms
D:3:      layout_basic, gup_sewer_entry_bubbles, serial_shops,
          nicolae_diamond_shop
D:4:      layout_basic, mainiacjoe_overflow_chevrons, kennysheep_little_box,
          gammafunk_ghost_smash, uniq_crazy_yiuf_cottage
D:5:      nicolae_BIG_FREAKIN_CUBE, layout_gridville, fiery_altar_vehumet,
          mainiacjoe_overflow_alcove_4, minmay_temple_entry_waves,
          roderic_nine_men_s_morris, uniq_edmund, uniq_menkaure
D:6:      layout_loops_corners, uniq_grinder
D:7:      layout_loops_ring, tgw_sif, enter_bailey_7
Bailey:   bailey_axe_3, bailey

Skill      XL: |  1  2  3  4  5  6  7  8  9 |
---------------+----------------------------+-----
Stealth        | 1 3 4 5 7 9 11 12 | 12.9
Short Blades   | 4 5 6 7 8 |  8.5
Axes           | 1 2 4 |  4.3
Armour         | 2 |  2.2
Fighting       | |  3.1
Dodging        | |  1.5

Action                   |  1- 3 |  4- 6 |  7- 9 || total
-------------------------+-------+-------+-------++-------
Melee: Short sword       |    45 |       |       ||    45
       Dagger            |    45 |    88 |    37 ||   170
       Hand axe          |       |    30 |   157 ||   187
       Punch             |       |     2 |     3 ||     5
Invok: Berserk           |     1 |       |     2 ||     3
 Abil: Spit Poison       |    19 |     3 |     4 ||    26
  Use: Scroll            |       |     2 |     8 ||    10
 Stab: Sleeping          |     3 |    11 |    10 ||    24
Armor: Animal skin       |     4 |       |       ||     4
       Ring mail         |    12 |       |       ||    12
       Leather armour    |    19 |    44 |    52 ||   115
Dodge: Dodged            |    35 |    51 |   139 ||   225
